[Event "GambitGuide"]
[Site "Internet Chess Club"]
[Date "2014.10.31"]
[Round "1"]
[White "JSBach"]
[Black "losscause"]
[Result "1-0"]
[ICCResult "Black resigns"]
[WhiteElo "1643"]
[BlackElo "1290"]
[Opening "Vienna: `Frankenstein-Dracula' variation"]
[ECO "C27"]
[NIC "VG.02"]
[Time "23:08:28"]
[TimeControl "120+12"]

1. e4 e5 2. Nc3 Nf6 3. Bc4 Nxe4 4. Qh5 Nd6 5. Bb3 Nc6 6. Nb5 g6 7. Qf3 f5 8.
Qd5 Qe7 9. Nxc7+ Kd8 10. Nxa8 b6 11. d3 Bb7 12. Nxb6 axb6 13. Qf3 Nd4 14.
Qh3 e4 15. Be3 exd3 16. O-O-O Nxb3+ 17. cxb3 Ne4 18. Bxb6+ Ke8 19. Qxd3
{Black resigns}
1-0

[Event "GambitGuide"]
[Site "Internet Chess Club"]
[Date "2014.10.31"]
[Round "1"]
[White "JSBach"]
[Black "trivialpursuit"]
[Result "1-0"]
[ICCResult "Black resigns"]
[WhiteElo "1643"]
[BlackElo "1634"]
[Opening "Vienna: `Frankenstein-Dracula' variation"]
[ECO "C27"]
[NIC "VG.02"]
[Time "23:04:48"]
[TimeControl "120+12"]

1. e4 e5 2. Nc3 Nf6 3. Bc4 Nxe4 4. Qh5 Nd6 5. Bb3 Nc6 6. Nb5 g6 7. Qf3 f5 8.
Qd5 Qe7 9. Nxc7+ Kd8 10. Nxa8 b6 11. d3 Bb7 12. Nxb6 axb6 13. Qf3 Kc7 14.
Bd2 Bg7 15. Qg3 Nd4 16. Bg5 Bf6 17. Bxf6 Qxf6 18. c3 Ne6 19. Nf3 Nf4 20. Rd1
Ba6 21. Bc2 h6 22. d4 e4 23. Qxf4 exf3 24. gxf3 Re8+ 25. Be4 g5 26. Qg3 f4
27. Qg2 Nxe4 28. fxe4 f3 29. Qg4 Qf4 30. Qxf4+ gxf4 31. Kd2 Be2 32. Rde1
Rxe4 33. Rhg1 Re6 34. Rg4 Rf6 35. Rg7 Kd6 36. Reg1 Kc7 37. R1g4 {Black
resigns} 1-0

[Event "GambitGuide"]
[Site "Internet Chess Club"]
[Date "2014.10.31"]
[Round "1"]
[White "JSBach"]
[Black "losscause"]
[Result "1-0"]
[ICCResult "Black resigns"]
[WhiteElo "1643"]
[BlackElo "1290"]
[Opening "Vienna: `Frankenstein-Dracula' variation"]
[ECO "C27"]
[NIC "VG.02"]
[Time "23:09:56"]
[TimeControl "120+12"]

1. e4 e5 2. Nc3 Nf6 3. Bc4 Nxe4 4. Qh5 Nd6 5. Bb3 Nc6 6. Nb5 g6 7. Qf3 f5 8.
Qd5 Qe7 9. Nxc7+ Kd8 10. Nxa8 b6 11. d3 Bb7 12. Nxb6 axb6 13. Qf3 Nd4 14.
Qg3 Kc8 15. Bg5 Qe8 16. Bf6 {Black resigns} 1-0

[Event "GambitGuide"]
[Site "Internet Chess Club"]
[Date "2014.10.31"]
[Round "1"]
[White "JSBach"]
[Black "fearlessone"]
[Result "0-1"]
[ICCResult "White checkmated"]
[WhiteElo "1643"]
[BlackElo "1812"]
[Opening "Vienna: `Frankenstein-Dracula' variation"]
[ECO "C27"]
[NIC "VG.02"]
[Time "23:08:47"]
[TimeControl "120+12"]

1. e4 e5 2. Nc3 Nf6 3. Bc4 Nxe4 4. Qh5 Nd6 5. Bb3 Nc6 6. Nb5 g6 7. Qf3 f5 8.
Qd5 Qe7 9. Nxc7+ Kd8 10. Nxa8 b6 11. d3 Bb7 12. Nxb6 axb6 13. Qf3 Bg7 14.
Be3 Nd4 15. Qh3 Nxb3 16. Bxb6+ Kc8 17. axb3 g5 18. Ra7 h5 19. b4 f4 20. Nf3
g4 21. Qh4 Bf6 22. Bd8 Qxd8 23. Qxf6 Qxf6 24. Nd2 Kb8 25. Ra5 Bxg2 26. Rg1
f3 27. Ra6 Kb7 28. Ne4 Nxe4 29. Rxf6 Nxf6 30. Kd2 e4 31. Re1 exd3 32. Kxd3
Re8 33. Rxe8 Nxe8 34. Kd4 Ng7 35. Ke5 Kc6 36. Kf6 Ne6 37. Kg6 h4 38. Kh6 g3
39. b5+ Kxb5 40. c4+ Kxc4 41. hxg3 hxg3 42. fxg3 f2 43. g4 f1=Q 44. g5 Nxg5
45. Kxg5 d5 46. b4 Kxb4 47. Kg4 d4 48. Kh4 d3 49. Kh5 d2 50. Kg5 Bh1 51. Kg4
d1=Q+ 52. Kg5 Qb5+ 53. Kf6 Qd6+ 54. Kf7 Qb7+ 55. Ke8 Qdb8# {White
checkmated} 0-1

[Event "GambitGuide"]
[Site "Internet Chess Club"]
[Date "2014.10.31"]
[Round "1"]
[White "JSBach"]
[Black "FischerKing"]
[Result "1-0"]
[ICCResult "Black resigns"]
[WhiteElo "1643"]
[BlackElo "1739"]
[Opening "Vienna: `Frankenstein-Dracula' variation"]
[ECO "C27"]
[NIC "VG.02"]
[Time "23:08:40"]
[TimeControl "120+12"]

1. e4 e5 2. Nc3 Nf6 3. Bc4 Nxe4 4. Qh5 Nd6 5. Bb3 Nc6 6. Nb5 g6 7. Qf3 f5 8.
Qd5 Qe7 9. Nxc7+ Kd8 10. Nxa8 b6 11. d3 Nd4 12. h4 Bg7 13. Bg5 Bf6 14. Bxf6
Qxf6 15. O-O-O Bb7 16. Nxb6 axb6 17. Re1 Bxd5 18. Bxd5 Kc8 19. c3 Nc6 20.
Nf3 Kb7 21. Nxe5 Kc7 22. Nf3 Re8 23. Ng5 Rxe1+ 24. Rxe1 h6 25. Nf3 Ne7 26.
Bb3 b5 27. c4 bxc4 28. dxc4 Ne4 29. Re2 Nc6 30. a4 Ne5 31. Nxe5 Qxe5 32. f3
Qd4 33. fxe4 fxe4 34. Rd2 Qe3 35. Kc2 Qf4 36. a5 e3 37. Re2 Qe4+ 38. Kc3 Kd6
39. a6 Kc5 40. a7 Qd4+ 41. Kc2 Qe4+ 42. Kc1 Kb6 43. Bc2 Qf4 44. a8=Q
{Black resigns}
1-0

[Event "GambitGuide"]
[Site "Internet Chess Club"]
[Date "2014.10.31"]
[Round "1"]
[White "JSBach"]
[Black "LittleMaster"]
[Result "1-0"]
[ICCResult "Black resigns"]
[WhiteElo "1643"]
[BlackElo "2304"]
[Opening "Vienna: `Frankenstein-Dracula' variation"]
[ECO "C27"]
[NIC "VG.02"]
[Time "23:05:36"]
[TimeControl "120+12"]

1. e4 e5 2. Nc3 Nf6 3. Bc4 Nxe4 4. Qh5 Nd6 5. Bb3 Nc6 6. Nb5 g6 7. Qf3 f5 8.
Qd5 Qe7 9. Nxc7+ Kd8 10. Nxa8 b6 11. d3 Bb7 12. Nxb6 axb6 13. Qf3 Bg7 14.
Be3 e4 15. Bxb6+ Kc8 16. Qe3 Bxb2 17. Rb1 Bc3+ 18. Kf1 g5 19. Ne2 f4 20. Qc5
Bb4 21. Qd5 Ne5 22. Qd4 Nf5 23. Qb2 Re8 24. Nd4 Nh4 25. Bc4 Nxc4 26. dxc4
Ba3 27. Qb5 e3 28. f3 e2+ 29. Ke1 Nxg2+ 30. Kf2 e1=Q+ 31. Rhxe1 Nxe1 32. Ba5
Qe3+ 33. Kf1 {Black resigns} 1-0

[Event "GambitGuide"]
[Site "Internet Chess Club"]
[Date "2014.10.31"]
[Round "1"]
[White "JSBach"]
[Black "fearlessone"]
[Result "0-1"]
[ICCResult "White checkmated"]
[WhiteElo "1643"]
[BlackElo "1812"]
[Opening "Vienna: `Frankenstein-Dracula' variation"]
[ECO "C27"]
[NIC "VG.02"]
[Time "23:10:33"]
[TimeControl "120+12"]

1. e4 e5 2. Nc3 Nf6 3. Bc4 Nxe4 4. Qh5 Nd6 5. Bb3 Nc6 6. Nb5 g6 7. Qf3 f5 8.
Qd5 Qe7 9. Nxc7+ Kd8 10. Nxa8 b6 11. d3 Bb7 12. Nxb6 axb6 13. Qf3 Bg7 14.
Be3 Nd4 15. Qh3 Nxb3 16. Bxb6+ Kc8 17. axb3 g5 18. b4 h5 19. Ra7 f4 20. Nf3
g4 21. Qh4 Bf6 22. Bd8 Qxd8 23. Qxf6 Qxf6 24. Nd2 Kb8 25. Ra5 Kc7 26. Rc5+
Kb8 27. f3 gxf3 28. Nxf3 Bxf3 29. gxf3 Rg8 30. b5 Nf5 31. b3 Nd4 32. Rf1 Rg2
33. Kd1 Rxh2 34. Rd5 d6 35. c4 Qf5 36. Kc1 Qxd3 37. Rf2 Rxf2 38. Rxd6 Qc2#
{White checkmated}
0-1

[Event "GambitGuide"]
[Site "Internet Chess Club"]
[Date "2014.10.31"]
[Round "1"]
[White "JSBach"]
[Black "losscause"]
[Result "1-0"]
[ICCResult "Black resigns"]
[WhiteElo "1643"]
[BlackElo "1290"]
[Opening "Vienna: `Frankenstein-Dracula' variation"]
[ECO "C27"]
[NIC "VG.02"]
[Time "23:10:20"]
[TimeControl "120+12"]

1. e4 e5 2. Nc3 Nf6 3. Bc4 Nxe4 4. Qh5 Nd6 5. Bb3 Nc6 6. Nb5 g6 7. Qf3 f5 8.
Qd5 Qe7 9. Nxc7+ Kd8 10. Nxa8 b6 11. d3 Bb7 12. Nxb6 axb6 13. Qf3 Nd4 14.
Qg3 f4 15. Qg4 Bg7 16. Ba4 b5 17. Bb3 Nxb3 18. axb3 e4 19. Kf1 e3 20. Qxf4
exf2 21. Qxf2 Rf8 22. Bf4 Bh6 23. Ne2 g5 24. Re1 gxf4 25. Nc3 Qg7 26. Qb6+
Kc8 27. Rg1 Bc6 28. Qc5 Rf6 29. Nd5 Re6 30. Rxe6 {Black resigns} 1-0

[Event "GambitGuide"]
[Site "Internet Chess Club"]
[Date "2014.10.31"]
[Round "1"]
[White "JSBach"]
[Black "losscause"]
[Result "1-0"]
[ICCResult "Black resigns"]
[WhiteElo "1643"]
[BlackElo "1290"]
[Opening "Vienna: `Frankenstein-Dracula' variation"]
[ECO "C27"]
[NIC "VG.02"]
[Time "23:12:28"]
[TimeControl "120+12"]

1. e4 e5 2. Nc3 Nf6 3. Bc4 Nxe4 4. Qh5 Nd6 5. Bb3 Nc6 6. Nb5 g6 7. Qf3 f5 8.
Qd5 Qe7 9. Nxc7+ Kd8 10. Nxa8 b6 11. d3 Bb7 12. Nxb6 axb6 13. Qf3 Nd4 14.
Qg3 f4 15. Qg4 N6f5 16. Ne2 Nxe2 17. Kxe2 Qd6 18. Ke1 e4 19. dxe4 Nd4 20.
Bxf4 Nxc2+ 21. Bxc2 Qb4+ 22. Bd2 Qxe4+ 23. Bxe4 {Black resigns} 1-0

[Event "GambitGuide"]
[Site "Internet Chess Club"]
[Date "2014.10.31"]
[Round "1"]
[White "JSBach"]
[Black "fearlessone"]
[Result "0-1"]
[ICCResult "White checkmated"]
[WhiteElo "1643"]
[BlackElo "1812"]
[Opening "Vienna: `Frankenstein-Dracula' variation"]
[ECO "C27"]
[NIC "VG.02"]
[Time "23:12:18"]
[TimeControl "120+12"]

1. e4 e5 2. Nc3 Nf6 3. Bc4 Nxe4 4. Qh5 Nd6 5. Bb3 Nc6 6. Nb5 g6 7. Qf3 f5 8.
Qd5 Qe7 9. Nxc7+ Kd8 10. Nxa8 b6 11. d3 Bb7 12. Nxb6 axb6 13. Qf3 Bg7 14.
Be3 Nd4 15. Qh3 Nxb3 16. Bxb6+ Kc8 17. axb3 g5 18. Ra7 h5 19. b4 f4 20. Ra5
g4 21. Rc5+ Kb8 22. Bc7+ Ka7 23. Ra5+ Ba6 24. Bxd6 Qxd6 25. Rxa6+ Kxa6 26.
b5+ Kb7 27. Qh4 Bf6 28. Qxf6 Qxf6 29. h3 f3 30. hxg4 fxg2 31. Rxh5 Rxh5 32.
gxh5 Qh4 33. b3 Qh1 34. Ke2 Qxg1 35. Kf3 Qh1 36. Ke4 g1=Q+ 37. Kxe5 Qxh5+
38. Kd6 Qxb5 39. c4 Qc6+ 40. Ke5 Qg5+ 41. Kd4 Qd6+ 42. Kc3 Qge5+ 43. Kd2
Qb2+ 44. Ke3 Qbd4+ 45. Kf3 Qxd3+ 46. Kg4 Q6g6+ 47. Kh4 Qde4+ 48. Kh3 Qf3+
49. Kh2 Qfg2# {White checkmated} 0-1

[Event "GambitGuide"]
[Site "Internet Chess Club"]
[Date "2014.10.31"]
[Round "1"]
[White "JSBach"]
[Black "LarryLudwig"]
[Result "1-0"]
[ICCResult "Black checkmated"]
[WhiteElo "1643"]
[BlackElo "1030"]
[Opening "Vienna: `Frankenstein-Dracula' variation"]
[ECO "C27"]
[NIC "VG.02"]
[Time "23:10:15"]
[TimeControl "120+12"]

1. e4 e5 2. Nc3 Nf6 3. Bc4 Nxe4 4. Qh5 Nd6 5. Bb3 Nc6 6. Nb5 g6 7. Qf3 f5 8.
Qd5 Qe7 9. Nxc7+ Kd8 10. Nxa8 b6 11. d3 Bb7 12. Nxb6 axb6 13. Qf3 f4 14. Bd2
Nd4 15. Qg4 N6f5 16. Bc3 Qc5 17. Ba4 b5 18. Bb3 b4 19. Bxd4 Qxd4 20. Rb1 Bc5
21. Nh3 Re8 22. O-O e4 23. Nxf4 exd3 24. cxd3 Bd6 25. g3 Bxf4 26. Qxf4 Qxd3
27. Qb8+ Bc8 28. Qb6+ Ke7 29. Rbe1+ Kf8 30. Qf6# {Black checkmated} 1-0

[Event "GambitGuide"]
[Site "Internet Chess Club"]
[Date "2014.10.31"]
[Round "1"]
[White "JSBach"]
[Black "neiio"]
[Result "1-0"]
[ICCResult "Black resigns"]
[WhiteElo "1643"]
[BlackElo "1400"]
[Opening "Vienna: `Frankenstein-Dracula' variation"]
[ECO "C27"]
[NIC "VG.02"]
[Time "23:08:54"]
[TimeControl "120+12"]

1. e4 e5 2. Nc3 Nf6 3. Bc4 Nxe4 4. Qh5 Nd6 5. Bb3 Nc6 6. Nb5 g6 7. Qf3 f5 8.
Qd5 Qe7 9. Nxc7+ Kd8 10. Nxa8 b6 11. d3 Nb4 12. Bg5 Nxd5 13. Bxe7+ Nxe7 14.
d4 exd4 15. O-O-O Nc6 16. c3 dxc3 17. Bd5 Be7 18. bxc3 Bb7 19. Nxb6 axb6 20.
Re1 Bg5+ 21. Kb1 Ne7 22. Bxb7 Nxb7 23. Nf3 Bf6 24. Kc2 Nc5 25. Re2 Nd5 26.
Ne5 Bxe5 27. Rxe5 Nf4 28. g3 Nfd3 29. Re2 Re8 30. Rxe8+ Kxe8 31. Rb1 Nxf2
32. Rxb6 Nce4 33. Rb8+ Ke7 34. a4 Nc5 35. a5 Nfe4 36. Rb6 Na4 37. Rb3 Nac5
38. Rb4 Nd6 39. Rb6 Na4 40. Rb8 Nc5 41. Rh8 h5 42. Rh6 Kf6 43. Rh8 Nc4 44.
Rc8 Ne3+ 45. Kb1 Na6 46. Ra8 Nc5 47. a6 Nd5 48. Rf8+ Ke7 49. a7 Nc7 50. Rc8
Kd6 51. Rxc7 Kxc7 52. a8=Q {Black resigns} 1-0

[Event "GambitGuide"]
[Site "Internet Chess Club"]
[Date "2014.10.31"]
[Round "1"]
[White "JSBach"]
[Black "losscause"]
[Result "1-0"]
[ICCResult "Black checkmated"]
[WhiteElo "1643"]
[BlackElo "1290"]
[Opening "Vienna: `Frankenstein-Dracula' variation"]
[ECO "C27"]
[NIC "VG.02"]
[Time "23:13:59"]
[TimeControl "120+12"]

1. e4 e5 2. Nc3 Nf6 3. Bc4 Nxe4 4. Qh5 Nd6 5. Bb3 Nc6 6. Nb5 g6 7. Qf3 f5 8.
Qd5 Qe7 9. Nxc7+ Kd8 10. Nxa8 b6 11. d3 Bb7 12. Nxb6 axb6 13. Qf3 Nd4 14.
Qh3 e4 15. Be3 Nxb3 16. Bxb6+ Kc8 17. axb3 exd3+ 18. Kf1 Ne4 19. Qxd3 Nxf2
20. Qc4+ Bc6 21. Ra8+ Kb7 22. Qa6# {Black checkmated} 1-0

[Event "GambitGuide"]
[Site "Internet Chess Club"]
[Date "2014.10.31"]
[Round "1"]
[White "JSBach"]
[Black "tazmanfox66"]
[Result "1-0"]
[ICCResult "Black checkmated"]
[WhiteElo "1643"]
[BlackElo "1524"]
[Opening "Vienna: `Frankenstein-Dracula' variation"]
[ECO "C27"]
[NIC "VG.02"]
[Time "23:13:41"]
[TimeControl "120+12"]

1. e4 e5 2. Nc3 Nf6 3. Bc4 Nxe4 4. Qh5 Nd6 5. Bb3 Nc6 6. Nb5 g6 7. Qf3 f5 8.
Qd5 Qe7 9. Nxc7+ Kd8 10. Nxa8 b6 11. d3 Bb7 12. Nxb6 axb6 13. Qf3 e4 14.
dxe4 Nxe4 15. Be3 Bg7 16. Bxb6+ Kc8 17. Qe3 Bxb2 18. Rb1 Bc3+ 19. Kd1 Qd6+
20. Qd3 Nxf2+ 21. Bxf2 Qxd3+ 22. cxd3 Re8 23. Ne2 Bb4 24. Bd5 Ba5 25. a3 Re5
26. Nf4 g5 27. d4 Re7 28. Nd3 h6 29. Nc5 Ba8 30. Rb3 d6 31. Na6 Bb7 32. Be1
Bxe1 33. Rxe1 Bxa6 34. Bxc6 Rc7 35. Re8# {Black checkmated} 1-0

[Event "GambitGuide"]
[Site "Internet Chess Club"]
[Date "2014.10.31"]
[Round "1"]
[White "JSBach"]
[Black "losscause"]
[Result "1-0"]
[ICCResult "Black resigns"]
[WhiteElo "1643"]
[BlackElo "1290"]
[Opening "Vienna: `Frankenstein-Dracula' variation"]
[ECO "C27"]
[NIC "VG.02"]
[Time "23:15:19"]
[TimeControl "120+12"]

1. e4 e5 2. Nc3 Nf6 3. Bc4 Nxe4 4. Qh5 Nd6 5. Bb3 Nc6 6. Nb5 g6 7. Qf3 f5 8.
Qd5 Qe7 9. Nxc7+ Kd8 10. Nxa8 b6 11. d3 Bb7 12. Nxb6 axb6 13. Qf3 Nd4 14.
Qg3 f4 15. Qg4 h5 16. Qxg6 e4 17. Bxf4 exd3+ 18. Kf1 dxc2 19. Bxc2 Ba6+ 20.
Bd3 Bxd3+ 21. Qxd3 {Black resigns} 1-0

[Event "GambitGuide"]
[Site "Internet Chess Club"]
[Date "2014.10.31"]
[Round "1"]
[White "JSBach"]
[Black "Svinotigr"]
[Result "1-0"]
[ICCResult "Black checkmated"]
[WhiteElo "1643"]
[BlackElo "1757"]
[Opening "Vienna: `Frankenstein-Dracula' variation"]
[ECO "C27"]
[NIC "VG.02"]
[Time "23:08:42"]
[TimeControl "120+12"]

1. e4 e5 2. Nc3 Nf6 3. Bc4 Nxe4 4. Qh5 Nd6 5. Bb3 Nc6 6. Nb5 g6 7. Qf3 f5 8.
Qd5 Qe7 9. Nxc7+ Kd8 10. Nxa8 b6 11. d3 Bb7 12. Nxb6 axb6 13. Qf3 Nd4 14.
Qg3 Bg7 15. Bg5 Bf6 16. Bxf6 Qxf6 17. Ba4 b5 18. Bb3 g5 19. Nh3 g4 20. Ng1
h5 21. h3 h4 22. Qh2 e4 23. dxe4 Bxe4 24. O-O-O g3 25. fxg3 Bxc2 26. Bxc2
Nxc2 27. Kxc2 Nc4 28. Rb1 Ne3+ 29. Kd3 Re8 30. gxh4 f4 31. Nf3 Qd6+ 32. Kc3
Qc5+ 33. Kd2 Qc2+ 34. Ke1 Qxb1+ 35. Kf2 Qc2+ 36. Kg1 Nd1 37. Qxf4 Qf2+ 38.
Kh2 Ne3 39. Qg5+ Kc8 40. Rc1+ Kb7 41. Qxb5+ Ka7 42. Rc7+ Ka8 43. Qb7#
{Black checkmated}
1-0

[Event "GambitGuide"]
[Site "Internet Chess Club"]
[Date "2014.10.31"]
[Round "1"]
[White "JSBach"]
[Black "marabu"]
[Result "0-1"]
[ICCResult "White checkmated"]
[WhiteElo "1643"]
[BlackElo "1939"]
[Opening "Vienna: `Frankenstein-Dracula' variation"]
[ECO "C27"]
[NIC "VG.02"]
[Time "23:14:50"]
[TimeControl "120+12"]

1. e4 e5 2. Nc3 Nf6 3. Bc4 Nxe4 4. Qh5 Nd6 5. Bb3 Nc6 6. Nb5 g6 7. Qf3 f5 8.
Qd5 Qe7 9. Nxc7+ Kd8 10. Nxa8 b6 11. d3 Bb7 12. Nxb6 axb6 13. Qf3 Bg7 14.
Qg3 Kc7 15. Bg5 Qf8 16. Nf3 f4 17. Qg4 h6 18. Bh4 g5 19. Nxg5 hxg5 20. Bxg5
Nd4 21. Ba4 b5 22. Bb3 Qf5 23. Qxf5 N6xf5 24. O-O Rh5 25. h4 Nxh4 26. Bd8+
Kxd8 27. f3 Nhf5 28. Bf7 Rg5 29. c3 Nc2 30. Rac1 Nce3 31. Rf2 Ng3 32. Kh2
Ke7 33. a4 Kxf7 34. Kg1 Rh5 35. Rfc2 Bf8 36. axb5 Bc5 37. d4 Bb6 38. Kf2 Rh2
39. Kg1 Rh1+ 40. Kf2 Nxc2 41. Rxh1 Nxh1+ 42. Ke2 Ng3+ 43. Kd2 Nxd4 44. cxd4
Bxd4 45. Kc2 Ke6 46. Kd3 Kd5 47. b4 d6 48. Kc2 Kc4 49. Kb1 Kxb4 50. b6 Kb5
51. Kc1 Kxb6 52. Kc2 Kc5 53. Kc1 Bxf3 54. gxf3 Kc4 55. Kd1 Kd3 56. Kc1 Ke3
57. Kd1 Kxf3 58. Ke1 Ke3 59. Kd1 f3 60. Kc2 e4 61. Kb3 d5 62. Ka3 f2 63. Kb3
f1=Q 64. Ka3 Qb5 65. Ka2 Qb2# {White checkmated} 0-1

[Event "GambitGuide"]
[Site "Internet Chess Club"]
[Date "2014.10.31"]
[Round "1"]
[White "JSBach"]
[Black "LATEBLOOMER"]
[Result "1-0"]
[ICCResult "Black checkmated"]
[WhiteElo "1643"]
[BlackElo "1231"]
[Opening "Vienna: `Frankenstein-Dracula' variation"]
[ECO "C27"]
[NIC "VG.02"]
[Time "23:14:32"]
[TimeControl "120+12"]

1. e4 e5 2. Nc3 Nf6 3. Bc4 Nxe4 4. Qh5 Nd6 5. Bb3 Nc6 6. Nb5 g6 7. Qf3 f5 8.
Qd5 Qe7 9. Nxc7+ Kd8 10. Nxa8 b6 11. d3 Nb4 12. Bg5 Nxd5 13. Bxe7+ Bxe7 14.
Bxd5 Nb5 15. Nf3 Bd6 16. a4 Nd4 17. Nxd4 exd4 18. O-O Re8 19. Rae1 Rxe1 20.
Rxe1 Be7 21. f4 d6 22. Nc7 Kxc7 23. Rxe7+ Bd7 24. Be6 Kc6 25. Rxd7 d5 26.
Rxd5 b5 27. axb5+ Kc7 28. Rxd4 a5 29. bxa6 Kb6 30. Rd6+ Ka7 31. c4 Kb8 32.
Rd7 Kc8 33. a7 h5 34. a8=Q# {Black checkmated} 1-0

[Event "GambitGuide"]
[Site "Internet Chess Club"]
[Date "2014.10.31"]
[Round "1"]
[White "JSBach"]
[Black "Submundo"]
[Result "1-0"]
[ICCResult "Black checkmated"]
[WhiteElo "1643"]
[BlackElo "1557"]
[Opening "Vienna: `Frankenstein-Dracula' variation"]
[ECO "C27"]
[NIC "VG.02"]
[Time "23:13:42"]
[TimeControl "120+12"]

1. e4 e5 2. Nc3 Nf6 3. Bc4 Nxe4 4. Qh5 Nd6 5. Bb3 Nc6 6. Nb5 g6 7. Qf3 f5 8.
Qd5 Qe7 9. Nxc7+ Kd8 10. Nxa8 b6 11. d3 Nd4 12. f4 Bb7 13. Qxe5 Bxg2 14. Be3
Bg7 15. Qxe7+ Kxe7 16. Bxd4 Bxd4 17. Nf3 Bxf3 18. Rf1 Bg2 19. Nc7 Bxb2 20.
Kf2 Bxf1 21. Nd5+ Kd8 22. Rxf1 Bd4+ 23. Kf3 b5 24. c3 Bc5 25. d4 Ba3 26. h4
a5 27. Bc2 Re8 28. Rb1 Kc8 29. Bd3 Kb7 30. Bxb5 Nxb5 31. Rxb5+ Kc6 32. c4
Re1 33. Rb6# {Black checkmated} 1-0

[Event "GambitGuide"]
[Site "Internet Chess Club"]
[Date "2014.10.31"]
[Round "1"]
[White "JSBach"]
[Black "LittleMaster"]
[Result "1-0"]
[ICCResult "Black resigns"]
[WhiteElo "1643"]
[BlackElo "2304"]
[Opening "Vienna: `Frankenstein-Dracula' variation"]
[ECO "C27"]
[NIC "VG.02"]
[Time "23:15:12"]
[TimeControl "120+12"]

1. e4 e5 2. Nc3 Nf6 3. Bc4 Nxe4 4. Qh5 Nd6 5. Bb3 Nc6 6. Nb5 g6 7. Qf3 f5 8.
Qd5 Qe7 9. Nxc7+ Kd8 10. Nxa8 b6 11. d3 Bb7 12. Nxb6 axb6 13. Qf3 Kc8 14.
Bd2 Bg7 15. c3 e4 16. dxe4 Nxe4 17. Be3 Nxc3 18. Rc1 Nb5 19. Qe2 Re8 20.
Qxb5 Bxb2 21. Rc2 Bd4 22. Re2 Bxe3 23. Rxe3 Qf8 24. Qxb6 Rxe3+ 25. fxe3 Qa3
26. Kf2 Ne5 27. Ne2 Ng4+ 28. Kg3 Bc6 29. Rc1 Qd6+ 30. Nf4 g5 31. Qa6+ Kd8
32. Qa5+ Kc8 33. Qxf5 gxf4+ 34. Kxg4 {Black resigns} 1-0

[Event "GambitGuide"]
[Site "Internet Chess Club"]
[Date "2014.10.31"]
[Round "1"]
[White "JSBach"]
[Black "losscause"]
[Result "1-0"]
[ICCResult "Black resigns"]
[WhiteElo "1643"]
[BlackElo "1290"]
[Opening "Vienna: `Frankenstein-Dracula' variation"]
[ECO "C27"]
[NIC "VG.02"]
[Time "23:16:38"]
[TimeControl "120+12"]

1. e4 e5 2. Nc3 Nf6 3. Bc4 Nxe4 4. Qh5 Nd6 5. Bb3 Nc6 6. Nb5 g6 7. Qf3 f5 8.
Qd5 Qe7 9. Nxc7+ Kd8 10. Nxa8 b6 11. d3 Bb7 12. Nxb6 axb6 13. Qf3 Kc7 14.
Bd2 e4 15. Qe3 Bg7 16. O-O-O Bd4 17. Qe2 Re8 18. c3 exd3 19. Qxe7 Rxe7 20.
cxd4 Nxd4 21. f3 {Black resigns} 1-0

[Event "GambitGuide"]
[Site "Internet Chess Club"]
[Date "2014.10.31"]
[Round "1"]
[White "JSBach"]
[Black "tazmanfox66"]
[Result "1-0"]
[ICCResult "Black resigns"]
[WhiteElo "1634"]
[BlackElo "1524"]
[Opening "Vienna: `Frankenstein-Dracula' variation"]
[ECO "C27"]
[NIC "VG.02"]
[Time "23:15:33"]
[TimeControl "120+12"]

1. e4 e5 2. Nc3 Nf6 3. Bc4 Nxe4 4. Qh5 Nd6 5. Bb3 Nc6 6. Nb5 g6 7. Qf3 f5 8.
Qd5 Qe7 9. Nxc7+ Kd8 10. Nxa8 b6 11. d3 Bb7 12. Nxb6 axb6 13. Qf3 Kc7 14.
Be3 f4 15. Bd2 Nd4 16. Qg4 h5 17. Qxg6 Rh6 18. Qg8 f3 19. Nxf3 Nxf3+ 20.
gxf3 Bxf3 21. Bxh6 Bxh6 22. Rg1 e4 23. d4 e3 24. Kf1 exf2 25. Kxf2 Qf6 26.
Rg6 Ne4+ 27. Kf1 Nd2+ 28. Ke1 Qe7+ 29. Re6 dxe6 30. Bxe6 Bg4 31. Qf7 Nf3+
32. Kf2 Qxf7 33. Bxf7 Nxd4 34. c3 Nf5 35. Re1 Kd6 36. Re6+ Kd5 37. Rxh6+ Ke4
38. Rxb6 h4 39. Rb4+ Ke5 40. Rxg4 Nh6 41. Rg5+ Kf6 42. Rg6+ Kxf7 43. Rxh6 h3
44. b4 Kg7 45. a4 Kxh6 46. Kg3 Kg5 47. Kxh3 Kf5 48. a5 Ke5 49. a6 Ke4 50. a7
Kd3 51. a8=Q Kc2 52. Qc8 Kb3 53. Kg4 Kc2 54. h4 Kc1 55. h5 Kc2 56. h6
{Black resigns}
1-0

[Event "GambitGuide"]
[Site "Internet Chess Club"]
[Date "2014.10.31"]
[Round "1"]
[White "JSBach"]
[Black "LittleMaster"]
[Result "1-0"]
[ICCResult "Black resigns"]
[WhiteElo "1634"]
[BlackElo "2304"]
[Opening "Vienna: `Frankenstein-Dracula' variation"]
[ECO "C27"]
[NIC "VG.02"]
[Time "23:17:12"]
[TimeControl "120+12"]

1. e4 e5 2. Nc3 Nf6 3. Bc4 Nxe4 4. Qh5 Nd6 5. Bb3 Nc6 6. Nb5 g6 7. Qf3 f5 8.
Qd5 Qe7 9. Nxc7+ Kd8 10. Nxa8 b6 11. d3 Bb7 12. Nxb6 axb6 13. Qf3 Kc7 14.
Bd2 Nd4 15. Qg3 h5 16. Qxg6 e4 17. Bg5 Qe5 18. Qf6 Qa5+ 19. Bd2 {Black
resigns} 1-0

[Event "GambitGuide"]
[Site "Internet Chess Club"]
[Date "2014.10.31"]
[Round "1"]
[White "JSBach"]
[Black "fearlessone"]
[Result "1-0"]
[ICCResult "Black checkmated"]
[WhiteElo "1634"]
[BlackElo "1812"]
[Opening "Vienna: `Frankenstein-Dracula' variation"]
[ECO "C27"]
[NIC "VG.02"]
[Time "23:13:46"]
[TimeControl "120+12"]

1. e4 e5 2. Nc3 Nf6 3. Bc4 Nxe4 4. Qh5 Nd6 5. Bb3 Nc6 6. Nb5 g6 7. Qf3 f5 8.
Qd5 Qe7 9. Nxc7+ Kd8 10. Nxa8 b6 11. d3 Bb7 12. Nxb6 axb6 13. Qf3 Bg7 14. c3
e4 15. dxe4 Nxe4 16. Be3 Ne5 17. Bxb6+ Kc8 18. Qe2 Re8 19. Rd1 Nc6 20. Bd5
Qf8 21. Be3 f4 22. Bxe4 Rxe4 23. Qd2 Qe7 24. Ke2 fxe3 25. Qd3 exf2+ 26. Kxf2
Ne5 27. Qb5 Ng4+ 28. Kf1 Rf4+ 29. Nf3 Bxf3 30. gxf3 Rxf3+ 31. Kg2 Rf2+ 32.
Kg1 Rf5 33. Qc4+ Rc5 34. Qa6+ Kd8 35. Qa8+ Rc8 36. Qa5+ Ke8 37. Rf1 Qe3+ 38.
Kg2 Qe4+ 39. Kg3 Be5+ 40. Kh3 Qe3+ 41. Kg2 Qe2+ 42. Kh3 Ne3 43. Qxe5+ Kd8
44. Rf8# {Black checkmated} 1-0

[Event "GambitGuide"]
[Site "Internet Chess Club"]
[Date "2014.10.31"]
[Round "1"]
[White "JSBach"]
[Black "losscause"]
[Result "1-0"]
[ICCResult "Black resigns"]
[WhiteElo "1634"]
[BlackElo "1290"]
[Opening "Vienna: `Frankenstein-Dracula' variation"]
[ECO "C27"]
[NIC "VG.02"]
[Time "23:17:33"]
[TimeControl "120+12"]

1. e4 e5 2. Nc3 Nf6 3. Bc4 Nxe4 4. Qh5 Nd6 5. Bb3 Nc6 6. Nb5 g6 7. Qf3 f5 8.
Qd5 Qe7 9. Nxc7+ Kd8 10. Nxa8 b6 11. d3 Bb7 12. Nxb6 axb6 13. Qf3 Nd4 14.
Qg3 f4 15. Qg4 Bg7 16. Ba4 N4f5 17. Nf3 e4 18. Ng1 exd3+ 19. Kf1 Bd4 20.
cxd3 b5 21. Bb3 h5 22. Qxf4 Re8 23. Qg5 Bf6 24. Qd2 Bg5 25. Qxg5 {Black
resigns} 1-0

[Event "GambitGuide"]
[Site "Internet Chess Club"]
[Date "2014.10.31"]
[Round "1"]
[White "JSBach"]
[Black "luckypawns"]
[Result "1-0"]
[ICCResult "Black checkmated"]
[WhiteElo "1634"]
[BlackElo "1817"]
[Opening "Vienna: `Frankenstein-Dracula' variation"]
[ECO "C27"]
[NIC "VG.02"]
[Time "23:17:28"]
[TimeControl "120+12"]

1. e4 e5 2. Nc3 Nf6 3. Bc4 Nxe4 4. Qh5 Nd6 5. Bb3 Nc6 6. Nb5 g6 7. Qf3 f5 8.
Qd5 Qe7 9. Nxc7+ Kd8 10. Nxa8 b6 11. d3 Bb7 12. Nxb6 axb6 13. Qf3 Nd4 14.
Qg3 Bg7 15. Bg5 Bf6 16. Bxf6 Qxf6 17. Ba4 b5 18. Bb3 h5 19. f3 e4 20. dxe4
fxe4 21. fxe4 Nxe4 22. Qb8+ Bc8 23. Nh3 Qh4+ 24. g3 Nf3+ 25. Ke2 Qg4 26.
Qb6+ Ke8 27. Nf2 Nd4+ 28. Kf1 Nxf2 29. Re1+ Ne6 30. Kxf2 Rf8+ 31. Kg1 Qf3
32. Bxe6 dxe6 33. Qxb5+ Bd7 34. Rxe6+ Kd8 35. Qb8+ Bc8 36. Qb6+ Kd7 37. Qd6#
{Black checkmated}
1-0